 Dungeon Crawl Stone Soup version 0.21-a0-525-ga34b322 (webtiles) character file.

100 slep the Chopper (level 4, 0/34 HPs)
             Began as a Demonspawn Gladiator on Dec 8, 2017.
             Slain by a worm (9 damage)
             ... on level 3 of the Dungeon.
             The game lasted 00:05:16 (1797 turns).

slep the Chopper (Demonspawn Gladiator)             Turns: 1797, Time: 00:05:17

Health: 0/34       AC:  4    Str: 16    XL:     4   Next: 47%
Magic:  4/4        EV: 13    Int:  9    God:
Gold:   93         SH:  0    Dex: 14    Spells: 3/3 levels left

rFire    . . .     SeeInvis .   a - +0 war axe
rCold    . . .     Gourm    .   (no shield)
rNeg     . . .     Faith    .   b - +0 leather armour
rPois    .         Spirit   .   c - +0 helmet
rElec    .         Reflect  .   (no cloak)
rCorr    .         Harm     .   (no gloves)
MR       .....                  (no boots)
Stlth    +++.......             (no amulet)
HPRegen  0.11/turn              (no ring)
MPRegen  0.09/turn              (no ring)

@: no status effects
A: claws 1, nightstalker 2
a: no special abilities


You were on level 3 of the Dungeon.
You were not hungry.

You visited 1 branch of the dungeon, and saw 3 of its levels.

You collected 93 gold pieces.

Inventory:

Hand Weapons
 a - a +0 war axe (weapon)
Missiles
 d - 3 throwing nets (quivered)
Armour
 b - a +0 leather armour (worn)
 c - a +0 helmet (worn)
Scrolls
 e - 2 scrolls of identify {unknown}
 g - a scroll of fog {unknown}
 h - 4 scrolls of teleportation {unknown}
 j - a scroll of fear {unknown}
Potions
 l - 2 potions of heal wounds {unknown}
 m - a potion of agility {unknown}
Comestibles
 f - a bread ration
 i - 2 meat rations
 k - a royal jelly
 n - 4 chunks of flesh


   Skills:
 + Level 2.4 Fighting
 + Level 3.7 Axes
 + Level 1.9 Throwing
 + Level 0.7 Armour
 + Level 3.3 Dodging
 + Level 0.7 Stealth


You had 3 spell levels left.
You didn't know any spells.

Dungeon Overview and Level Annotations

Branches:
Dungeon (3/15)

Altars:
Cheibriados
Gozag
Makhleb
Nemelex Xobeh
Sif Muna
Wu Jian


Innate Abilities, Weirdness & Mutations

You have sharp fingernails.
You are significantly more attuned to the shadows.


Message History

The worm barely misses you.
You hit the worm but do no damage.
The worm is lightly wounded.
The worm misses you.
You hit the worm but do no damage.
The worm is lightly wounded.
You barely miss the worm.
The worm is lightly wounded.
The worm completely misses you.
You slash the worm!
The worm is heavily wounded.
The worm completely misses you.
You slash the worm!
The worm is severely wounded.
The worm bites you.
* * * LOW HITPOINT WARNING * * *
You barely miss the worm.
The worm is severely wounded.
The worm bites you!
You die...

##..##......#
#...#....#....
#...........
#...........
#...(.......
.......(......
.........†....
..###...<#..$#
.# #...@# .##
###.w.....
##......
#......
#.#.### #.#.#


You could see a worm.

Vanquished Creatures
  3 adders
  A worm (D:2)
  A dart slug (D:2)
  2 leopard geckos
  4 orcs (D:3)
  6 bats
  3 giant cockroaches
  5 goblins
  11 hobgoblins
  4 jackals (D:1)
  A quokka (D:2)
  3 ball pythons
  4 frilled lizards
  5 kobolds
  8 rats
61 creatures vanquished.

Notes
Turn   | Place    | Note
-------+----------+-------------------------------------------
     0 | D:1      | slep the Demonspawn Gladiator began the quest for the Orb.
     0 | D:1      | Reached XP level 1. HP: 16/16 MP: 1/1
    68 | D:1      | Gained mutation: You have sharp fingernails. [demonic ancestry]
    68 | D:1      | Reached XP level 2. HP: 14/22 MP: 2/2
   607 | D:1      | Gained mutation: You are slightly more attuned to the shadows. [demonic ancestry]
   607 | D:1      | Reached XP level 3. HP: 27/27 MP: 3/3
  1190 | D:2      | Found a deep blue altar of Sif Muna.
  1192 | D:2      | Found a snail-covered altar of Cheibriados.
  1194 | D:2      | Found an ornate altar of the Wu Jian Council.
  1194 | D:2      | Found a burning altar of Makhleb.
  1489 | D:2      | Found an opulent altar of Gozag.
  1489 | D:2      | Found a sparkling altar of Nemelex Xobeh.
  1695 | D:3      | Gained mutation: You are significantly more attuned to the shadows. [demonic ancestry]
  1695 | D:3      | Reached XP level 4. HP: 15/33 MP: 4/4
  1797 | D:3      | Slain by a worm

Vault maps used:
D:1:      nzn_arrival_crosshair, minmay_misc_feat_tiny, minmay_misc_feat_rows
D:2:      grunt_temple_overflow_opulence, grunt_temple_overflow_open
D:3:      first_bread

Skill      XL: |  1  2 |
---------------+-------+-----
Dodging        | 3 |  3.3
Axes           | 3 |  3.7
Fighting       | |  2.4
Throwing       | |  1.9
Armour         | |  0.7
Stealth        | |  0.7

Action                   |  1- 3 |  4- 6 || total
-------------------------+-------+-------++-------
Melee: War axe           |   138 |    35 ||   173
 Stab: Sleeping          |     5 |       ||     5
  Eat: Chunk             |     2 |     1 ||     3
Armor: Leather armour    |    51 |     7 ||    58
Dodge: Dodged            |   136 |    35 ||   171

Table legend:
 A = Spawn XP
 B = Non-spawn XP
 C = Spawn XP percentage of total XP
 D = Spawn monster count
 E = Non-spawn monster count
 F = Spawn count percentage of total count
 G = Total turns spent on level
                    A         B        C        D         E        F      G
               +---------+---------+-------+---------+---------+-------+---------
         Total |       0 |     144 |   0.0 |       0 |      61 |   0.0 |  1797
               +---------+---------+-------+---------+---------+-------+---------
           D:1 |       0 |      46 |   0.0 |       0 |      30 |   0.0 |   897
           D:2 |       0 |      47 |   0.0 |       0 |      18 |   0.0 |   758
           D:3 |       0 |      51 |   0.0 |       0 |      13 |   0.0 |   142
               +---------+---------+-------+---------+---------+-------+---------
